[Event "Titled Tuesday Blitz April 25 Early 2023"]
[White "Al-Tarboush, Ward"]
[Black "Arifarsky"]
[WhiteFideId "7601450"]
[WhiteElo "2265"]
[BlackElo "2727"]
[Result "0-1"]
[Round "04"]
[TimeControl "180+2"]
[Date "2023.04.25"]
[WhiteClock "0:00:16"]
[BlackClock "0:01:00"]

1. e4 e5 2. Nf3 Nc6 3. Bb5 a6 4. Ba4 Nf6 5. O-O Be7 6. d3 d6 7. c4 O-O 8. Nc3 Bg4 9. Bxc6 bxc6 10. h3 Bh5 11. g4 Bg6 12. Ne2 h5 13. g5 Nh7 14. h4 f6 15. Ng3 fxg5 16. hxg5 Nxg5 17. Nxg5 Bxg5 18. Nxh5 Bxc1 19. Rxc1 Qg5+ 20. Ng3 c5 21. Kg2 Rf4 22. Qe2 Raf8 23. Qe3 Bh5 24. f3 Qg6 25. Rf2 Rxf3 26. Rxf3 Rxf3 27. Qxf3 Bxf3+ 28. Kxf3 Qg5 29. Rc2 g6 30. Nf1 Qh5+ 31. Kf2 Qh4+ 32. Ke2 Kg7 33. Ne3 c6 34. Rc1 Qh2+ 35. Kf3 Qxb2 36. Rg1 Qd2 37. Nf5+ Kf6 38. Nh4 Qxd3+ 39. Kf2 Qxe4 40. Nf3 Qxc4 41. Rd1 d5 42. Re1 e4 43. Nd2 Qd4+ 44. Ke2 Qd3+ 45. Kd1 e3 0-1


[Site "https://www.chess.com"]

[Event "Titled Tuesday Blitz April 25 Early 2023"]
[White "Elgersma, Onno"]
[Black "Wagner, Dennis"]
[WhiteFideId "1053531"]
[BlackFideId "24650684"]
[WhiteElo "2252"]
[BlackElo "2470"]
[Result "1-0"]
[Round "04"]
[TimeControl "180+2"]
[Date "2023.04.25"]
[WhiteClock "0:00:03"]
[BlackClock "0:00:01"]

1. e4 e5 2. Nf3 Nc6 3. Bb5 a6 4. Ba4 Nf6 5. O-O Bc5 6. d3 d6 7. a3 h6 8. Nc3 O-O 9. Be3 Bxe3 10. fxe3 Ne7 11. Ne2 Ng6 12. Ng3 Be6 13. d4 c6 14. c3 Re8 15. Qd2 Bc4 16. Rfe1 d5 17. exd5 Qxd5 18. e4 Qa5 19. Bc2 Rad8 20. Rad1 Qb6 21. b4 a5 22. Kh1 axb4 23. axb4 Qc7 24. Qf2 Ng4 25. Qd2 Ra8 26. Ra1 Rxa1 27. Rxa1 b5 28. Qe1 Qe7 29. h3 Nf6 30. Nf5 Qf8 31. Ra7 Ra8 32. Rxa8 Qxa8 33. Nxe5 Nxe5 34. dxe5 Nd7 35. Qg3 g6 36. Nxh6+ Kg7 37. Nf5+ Kg8 38. Qg5 Qa1+ 39. Kh2 Qxc3 40. Qd8+ Nf8 41. Nh6+ Kg7 42. Ng4 Ne6 43. Qf6+ Kf8 44. Nh6 1-0


[Site "https://www.chess.com"]

[Event "Titled Tuesday Blitz April 25 Early 2023"]
[White "Mirzoev, Azer"]
[Black "Risteski, Emil"]
[WhiteFideId "13400304"]
[BlackFideId "15005267"]
[WhiteElo "2525"]
[BlackElo "2251"]
[Result "1-0"]
[Round "04"]
[TimeControl "180+2"]
[Date "2023.04.25"]
[WhiteClock "0:00:34"]
[BlackClock "0:00:09"]

1. c4 Nf6 2. Nc3 e6 3. d4 a6 4. e4 c5 5. d5 exd5 6. cxd5 d6 7. a4 g6 8. Nf3 Bg7 9. h3 O-O 10. Bd3 Re8 11. O-O Nbd7 12. Bf4 Qe7 13. Re1 Nh5 14. Bh2 Ne5 15. Be2 Bd7 16. a5 Nxf3+ 17. Bxf3 Be5 18. Bxh5 Bxh2+ 19. Kxh2 Qe5+ 20. g3 Qxh5 21. Qxh5 gxh5 22. f4 Re7 23. f5 f6 24. g4 hxg4 25. hxg4 Rg7 26. Kh3 Kf7 27. Rg1 Rag8 28. Ne2 Ke7 29. Nf4 Rg5 30. Rg3 R5g7 31. Raa3 Bb5 32. Kh4 Bd7 33. Ne6 Rf7 34. Rab3 Bb5 35. Kh5 Kd7 36. Kh6 Re8 37. g5 fxg5 38. Rxg5 Rf6+ 39. Kxh7 c4 40. Rbg3 Re7+ 41. Rg7 Rff7 42. Rxf7 Rxf7+ 43. Rg7 Ke7 44. Kg8 Rxg7+ 45. Kxg7 Be8 46. f6+ Kd7 47. Nd4 Bf7 48. Kxf7 c3 49. bxc3 1-0


[Site "https://www.chess.com"]

[Event "Titled Tuesday Blitz April 25 Early 2023"]
[White "Leenhouts, Koen"]
[Black "Samunenkov, Ihor"]
[WhiteFideId "1008439"]
[BlackFideId "14187086"]
[WhiteElo "2409"]
[BlackElo "2457"]
[Result "1-0"]
[Round "04"]
[TimeControl "180+2"]
[Date "2023.04.25"]
[WhiteClock "0:00:31"]
[BlackClock "0:00:01"]

1. d4 d5 2. c4 dxc4 3. e3 e5 4. Bxc4 exd4 5. Nf3 Bb4+ 6. Bd2 Bxd2+ 7. Qxd2 dxe3 8. Bxf7+ Ke7 9. Qxd8+ Kxd8 10. fxe3 Nh6 11. Bb3 Ke7 12. Nc3 c6 13. O-O Nd7 14. Ne4 Ng4 15. Nd4 Nde5 16. h3 Nh6 17. Ng5 c5 18. Nb5 c4 19. Bc2 Rb8 20. Nc3 Be6 21. Nxe6 Kxe6 22. Nb5 a6 23. Nd4+ Ke7 24. a4 b6 25. Rf4 Rbc8 26. Re4 Rc5 27. Rf1 Nf7 28. Nf5+ Kd7 29. Nxg7 Nd6 30. Rd4 Kc6 31. Rf6 Rd5 32. Be4 1-0


[Site "https://www.chess.com"]

[Event "Titled Tuesday Blitz April 25 Early 2023"]
[White "Karthik Rajaa"]
[Black "Bosnjak, Petar"]
[WhiteFideId "25035215"]
[BlackFideId "14532581"]
[WhiteElo "2215"]
[BlackElo "2227"]
[Result "0-1"]
[Round "04"]
[TimeControl "180+2"]
[Date "2023.04.25"]
[WhiteClock "0:00:01"]
[BlackClock "0:01:13"]

1. Nf3 c6 2. e4 d5 3. Nc3 Bg4 4. h3 Bxf3 5. Qxf3 dxe4 6. Nxe4 Nd7 7. d4 Ngf6 8. Ng3 e6 9. c3 Qc7 10. a4 a5 11. Be2 Bd6 12. Ne4 Nxe4 13. Qxe4 Nf6 14. Qf3 O-O 15. O-O Nd5 16. g3 c5 17. dxc5 Bxc5 18. h4 Rad8 19. h5 h6 20. Kg2 Qe7 21. Bd3 Rd7 22. Bb5 Rd6 23. Re1 Qf6 24. Qxf6 Nxf6 25. Bf4 Rd5 26. Rad1 Rxh5 27. Bc7 Rc8 28. Bxa5 Ng4 29. Rh1 Rf5 30. f4 Ne3+ 31. Kf3 Nxd1 32. Rxd1 Rd5 33. Rxd5 exd5 34. Bd7 Ra8 35. b4 Kf8 36. Bc7 Ke7 37. Bb5 Rc8 38. Be5 f6 0-1


[Site "https://www.chess.com"]

[Event "Titled Tuesday Blitz April 25 Early 2023"]
[White "Vovk, Orest"]
[Black "Averjanov, Alexey"]
[WhiteFideId "14113490"]
[BlackFideId "14109867"]
[WhiteElo "2215"]
[BlackElo "2705"]
[Result "1/2-1/2"]
[Round "04"]
[TimeControl "180+2"]
[Date "2023.04.25"]
[WhiteClock "0:02:36"]
[BlackClock "0:02:45"]

1. d4 d5 2. Bf4 Nf6 3. e3 e6 4. Nd2 c5 5. c3 Bd6 6. Bxd6 Qxd6 7. Bb5+ Bd7 8. Bxd7+ Nbxd7 9. f4 cxd4 10. cxd4 O-O 11. Ngf3 Rac8 12. O-O Rc7 13. Rc1 Rfc8 14. Rxc7 Qxc7 15. Qa4 1/2-1/2


[Site "https://www.chess.com"]

[Event "Titled Tuesday Blitz April 25 Early 2023"]
[White "Sonnenschein, Philipp"]
[Black "Dimitrov, Atanas"]
[WhiteFideId "16250877"]
[BlackFideId "2901315"]
[WhiteElo "2224"]
[BlackElo "2702"]
[Result "0-1"]
[Round "04"]
[TimeControl "180+2"]
[Date "2023.04.25"]
[WhiteClock "0:00:29"]
[BlackClock "0:01:23"]

1. e4 c5 2. Nf3 d6 3. d4 cxd4 4. Nxd4 Nf6 5. Nc3 g6 6. Be3 Bg7 7. f3 O-O 8. Qd2 Nc6 9. O-O-O Bd7 10. Kb1 Ne5 11. h4 h5 12. Bg5 Rc8 13. Nd5 Nxd5 14. exd5 Qb6 15. Bxe7 Rfe8 16. Bg5 Nc4 17. Bxc4 Rxc4 18. Nb3 Bf5 19. Rc1 Rec8 20. Qe3 Bxc2+ 21. Ka1 Qa6 22. Rxc2 Rxc2 23. Rb1 Rxg2 24. Bh6 Bh8 25. Nd4 Qc4 26. Nb3 Qxd5 27. Bf4 Bf6 0-1


[Site "https://www.chess.com"]

[Event "Titled Tuesday Blitz April 25 Early 2023"]
[White "Javakhadze, Zurab"]
[Black "Sharapov, Evgeny"]
[WhiteFideId "13603647"]
[BlackFideId "14103133"]
[WhiteElo "2381"]
[BlackElo "2367"]
[Result "1-0"]
[Round "04"]
[TimeControl "180+2"]
[Date "2023.04.25"]
[WhiteClock "0:00:11"]
[BlackClock "0:00:18"]

1. Nf3 c5 2. g3 Nc6 3. Bg2 e5 4. O-O g6 5. e4 Bg7 6. d3 Nge7 7. Nc3 d6 8. Nd2 O-O 9. Nc4 Be6 10. f4 exf4 11. Bxf4 d5 12. exd5 Nxd5 13. Nxd5 Bxd5 14. Bd6 Bxg2 15. Kxg2 Re8 16. Qf3 Qd7 17. Bxc5 Nd4 18. Bxd4 Bxd4 19. Rae1 f5 20. c3 Bg7 21. d4 Rac8 22. Nd2 Bh6 23. Nb3 b6 24. Nc1 Bxc1 25. Rxe8+ Rxe8 26. Rxc1 Re4 27. Kf2 Qe6 28. b3 h5 29. Rc2 b5 30. Re2 Qd5 31. Rxe4 fxe4 32. Qf6 Qf5+ 33. Qxf5 gxf5 34. c4 bxc4 35. bxc4 Kf7 36. Ke3 Ke6 37. Kf4 Kd6 38. h3 Kc6 39. g4 fxg4 40. hxg4 hxg4 41. Kxg4 Kb6 42. Kf4 Ka5 43. Kxe4 Kb4 44. c5 Kb5 45. Kd5 a5 46. c6 Kb6 47. Kd6 Kb5 48. c7 Kb4 49. c8=Q Ka3 50. Qc3+ Kxa2 51. Kc5 a4 52. Kb4 a3 53. Qxa3+ Kb1 54. Qe3 Kc2 55. Qe2+ Kc1 56. Kc3 1-0


[Site "https://www.chess.com"]

[Event "Titled Tuesday Blitz April 25 Early 2023"]
[White "Reprintsev, Alexander"]
[Black "Spata, German"]
[WhiteFideId "14100541"]
[BlackFideId "113026"]
[WhiteElo "2211"]
[BlackElo "2238"]
[Result "0-1"]
[Round "04"]
[TimeControl "180+2"]
[Date "2023.04.25"]
[WhiteClock "0:01:43"]
[BlackClock "0:01:02"]

1. e4 c5 2. b3 Nc6 3. Bb2 d6 4. Bb5 Bd7 5. Ne2 e5 6. O-O Nf6 7. d3 Be7 8. f4 Nd4 9. Bxd7+ Qxd7 10. Nxd4 cxd4 11. c3 dxc3 12. Nxc3 O-O 13. d4 exf4 14. Rxf4 Rfe8 15. Qf3 Qc6 16. Rf1 Rad8 17. g4 h6 18. h4 d5 19. e5 Ne4 20. Rxe4 dxe4 21. Qxf7+ Kh8 22. d5 Qc5+ 23. Kg2 Rf8 24. Qg6 Rxf1 25. Kxf1 Rf8+ 26. Ke2 Qf2+ 27. Kd1 Qxb2 0-1


[Site "https://www.chess.com"]

[Event "Titled Tuesday Blitz April 25 Early 2023"]
[White "Nevednichy, Vladislav"]
[Black "The_Sherman_Variation"]
[WhiteFideId "1205730"]
[WhiteElo "2370"]
[BlackElo "2513"]
[Result "0-1"]
[Round "04"]
[TimeControl "180+2"]
[Date "2023.04.25"]
[WhiteClock "0:02:15"]
[BlackClock "0:02:30"]

1. d4 Nf6 2. Nf3 e6 3. Bg5 Be7 4. Bxf6 Bxf6 5. e4 d5 6. e5 Be7 7. c3 c5 8. Bd3 Nc6 9. h4 Qb6 10. Qb3 c4 11. Qxb6 axb6 12. Bc2 b5 13. h5 h6 14. Ke2 b4 15. g4 b3 16. Bd1 Rxa2 0-1


[Site "https://www.chess.com"]

[Event "Titled Tuesday Blitz April 25 Early 2023"]
[White "Salimova, Nurgyul"]
[Black "Bagrationi, Alexander"]
[WhiteFideId "2915138"]
[BlackFideId "14104954"]
[WhiteElo "2314"]
[BlackElo "2398"]
[Result "0-1"]
[Round "04"]
[TimeControl "180+2"]
[Date "2023.04.25"]
[WhiteClock "0:00:14"]
[BlackClock "0:00:24"]

1. d4 f5 2. Nc3 Nf6 3. Bg5 d5 4. Bxf6 exf6 5. e3 Be6 6. Bd3 c6 7. h4 h5 8. Nge2 g6 9. Nf4 Bf7 10. Nce2 Bd6 11. Qd2 Nd7 12. O-O-O Qe7 13. g4 hxg4 14. h5 gxh5 15. Bxf5 O-O-O 16. Rdg1 Rdg8 17. Qd3 Kb8 18. Ng6 Bxg6 19. Bxg6 f5 20. Bxf5 Nf6 21. c4 dxc4 22. Qxc4 h4 23. Qd3 a6 24. e4 Bc7 25. e5 Nd5 26. Rxg4 Rxg4 27. Bxg4 Qg5+ 0-1


[Site "https://www.chess.com"]

[Event "Titled Tuesday Blitz April 25 Early 2023"]
[White "Roebers, Eline"]
[Black "Vetoshko, Volodymyr"]
[WhiteFideId "1058401"]
[BlackFideId "14122480"]
[WhiteElo "2511"]
[BlackElo "2422"]
[Result "0-1"]
[Round "04"]
[TimeControl "180+2"]
[Date "2023.04.25"]
[WhiteClock "0:00:17"]
[BlackClock "0:00:04"]

1. e4 c5 2. Nf3 e6 3. d4 cxd4 4. Nxd4 a6 5. Bd3 Bc5 6. Nb3 Ba7 7. Qe2 Ne7 8. Be3 Nbc6 9. Bxa7 Rxa7 10. Qe3 O-O 11. O-O b5 12. a4 b4 13. a5 d5 14. N1d2 e5 15. f4 f5 16. exd5 Nxd5 17. Bc4 Be6 18. Qe2 e4 19. Nf3 Nxf4 20. Bxe6+ Nxe6 21. Qc4 Qc8 22. Ng5 Nd4 23. Qxc8 Rxc8 24. Nxe6 Nxe6 25. Rxf5 Rxc2 26. Re1 Rxb2 27. Rxe4 Rxb3 28. Rxe6 h6 29. Rb6 Rb1+ 30. Kf2 Rb2+ 31. Kg3 Kh7 32. Rf4 Rc7 33. Kh3 Rc3+ 34. g3 Rcc2 35. Rfxb4 Rxh2+ 36. Kg4 Rxb4+ 37. Rxb4 Ra2 38. Rb7 Ra4+ 39. Kh3 Rxa5 40. g4 Ra3+ 41. Kh4 Ra4 42. Ra7 Ra1 43. Kg3 Ra3+ 44. Kh4 a5 45. g5 hxg5+ 46. Kxg5 Ra1 47. Ra6 a4 48. Kg4 a3 49. Kg3 g6 50. Kg2 Kh6 51. Ra5 g5 52. Ra4 Kh5 53. Ra8 Kg4 54. Rf8 Rb1 55. Ra8 Rb2+ 56. Kf1 a2 57. Ra4+ Kh5 58. Ra5 Rb1+ 0-1


[Site "https://www.chess.com"]

[Event "Titled Tuesday Blitz April 25 Early 2023"]
[White "Skvortsov, Andrei"]
[Black "Dixit, Nikhil"]
[WhiteFideId "24108600"]
[BlackFideId "5059534"]
[WhiteElo "2259"]
[BlackElo "2207"]
[Result "0-1"]
[Round "04"]
[TimeControl "180+2"]
[Date "2023.04.25"]
[WhiteClock "0:00:24"]
[BlackClock "0:00:21"]

1. e4 c5 2. d4 cxd4 3. Qxd4 Nc6 4. Qd3 g6 5. Nc3 Bg7 6. Nf3 Nf6 7. Be2 O-O 8. O-O d6 9. Nd5 Nxd5 10. exd5 Nb4 11. Qd1 Bf5 12. c3 Nc2 13. g4 Nxa1 14. gxf5 Qa5 15. a4 Qb6 16. Bb5 a6 17. Be3 Qa5 18. Be2 b5 19. Qxa1 bxa4 20. Qa2 Rfb8 21. b4 Qc7 22. Rc1 Qd7 23. Bd3 Rc8 24. Bd4 gxf5 25. Bxg7 Kxg7 26. Nd4 Kh8 27. Bxf5 Rg8+ 28. Kh1 Qb7 29. Be4 Rg4 30. Bf3 Rg6 31. Qxa4 Rag8 32. Rf1 Qc8 33. Be4 Qh3 34. Qd1 Qxh2+ 0-1


[Site "https://www.chess.com"]

[Event "Titled Tuesday Blitz April 25 Early 2023"]
[White "WindWhistler11"]
[Black "Subelj, Jan"]
[BlackFideId "14618583"]
[WhiteElo "2477"]
[BlackElo "2474"]
[Result "1-0"]
[Round "04"]
[TimeControl "180+2"]
[Date "2023.04.25"]
[WhiteClock "0:00:39"]
[BlackClock "0:00:52"]

1. Nf3 g6 2. g3 Bg7 3. Bg2 d5 4. O-O e5 5. c4 d4 6. e3 Nc6 7. exd4 exd4 8. d3 Nge7 9. a3 a5 10. Re1 O-O 11. Bf4 h6 12. Be5 Nxe5 13. Nxe5 c6 14. Nd2 Qc7 15. Nef3 c5 16. Rb1 Bf5 17. Ne4 b6 18. Nh4 Be6 19. b4 axb4 20. axb4 Ra3 21. bxc5 bxc5 22. Rb5 Ra5 23. Nxc5 Qxc5 24. Rxc5 Rxc5 25. Qb3 Bf6 26. Nf3 Rfc8 27. Nd2 Bf5 28. Be4 Kg7 29. Qb4 R5c7 30. Bxf5 Nxf5 31. Ne4 Be7 32. Qb6 Rc6 33. Qa7 R8c7 34. Qa8 Rc8 35. Qb7 R8c7 36. Qb2 h5 37. h3 Rd7 38. Qb5 Rcc7 39. Ra1 f6 40. Ra8 Rb7 41. Qc6 Kf7 42. Qc8 Rb1+ 43. Kg2 Rd8 44. Qc6 Rxa8 45. Qd5+ Kg7 46. Qxa8 Rb2 47. Qa7 Kf7 48. g4 hxg4 49. hxg4 Ne3+ 50. Kf3 Nd1 51. Qxd4 f5 52. Qd5+ Kg7 53. gxf5 gxf5 54. Qxf5 Ra2 55. c5 Ra3 56. Qe5+ Kf7 57. Qd5+ Kg7 58. c6 Nb2 59. Qe5+ Kf7 60. c7 Rxd3+ 61. Kg2 Nc4 62. Qf5+ Kg7 63. c8=Q Rd4 64. Qg4+ Kf7 65. Qcf5+ Ke8 66. Qg8+ Bf8 67. Qgxf8# 1-0


[Site "https://www.chess.com"]

[Event "Titled Tuesday Blitz April 25 Early 2023"]
[White "Heinemann, Josefine"]
[Black "Jaracz, Pawel"]
[WhiteFideId "12900460"]
[BlackFideId "1102222"]
[WhiteElo "2342"]
[BlackElo "2438"]
[Result "0-1"]
[Round "04"]
[TimeControl "180+2"]
[Date "2023.04.25"]
[WhiteClock "0:00:05"]
[BlackClock "0:00:12"]

1. Nf3 c5 2. c4 Nc6 3. Nc3 e6 4. d4 cxd4 5. Nxd4 a6 6. g3 Ne5 7. Bg2 Qc7 8. O-O Nf6 9. Bf4 d6 10. b3 Bd7 11. Rc1 Be7 12. Qd2 O-O 13. h3 Rfd8 14. Rfd1 Rac8 15. e4 Be8 16. Be3 Ng6 17. Kh2 h5 18. f4 Qb8 19. Nf3 Bc6 20. Ng5 b5 21. cxb5 axb5 22. a4 bxa4 23. bxa4 Qa8 24. Qa2 d5 25. e5 Nd7 26. Nf3 Nc5 27. a5 h4 28. g4 d4 29. Nxd4 Bxg2 30. Qxg2 Qa6 31. Qa2 Nd3 32. Rc2 Nb4 33. Qa1 Nxc2 34. Nxc2 Rxd1 35. Qxd1 Rxc3 0-1


[Site "https://www.chess.com"]

[Event "Titled Tuesday Blitz April 25 Early 2023"]
[White "Santos Flores, Alberto"]
[Black "Antal, Gergely"]
[WhiteFideId "3601234"]
[BlackFideId "717312"]
[WhiteElo "2235"]
[BlackElo "2471"]
[Result "1/2-1/2"]
[Round "04"]
[TimeControl "180+2"]
[Date "2023.04.25"]
[WhiteClock "0:00:15"]
[BlackClock "0:00:18"]

1. d4 f5 2. g3 Nf6 3. Bg2 g6 4. Nf3 Bg7 5. O-O O-O 6. c4 d6 7. Nc3 c6 8. d5 e5 9. dxe6 Bxe6 10. b3 Qe7 11. Bb2 Na6 12. Qc2 Rad8 13. Rad1 Nc5 14. Nd4 Bc8 15. b4 Nce4 16. Nxe4 fxe4 17. e3 Rfe8 18. Ne2 Bg4 19. h3 Bf3 20. Bxf3 exf3 21. Nd4 Qe4 22. Qxe4 Nxe4 23. Ba1 Bxd4 24. Rxd4 a6 25. Rfd1 b5 26. cxb5 axb5 27. Rc1 Rc8 28. Bb2 d5 29. Rd3 Nd6 30. Bd4 Nc4 31. Ra1 Ra8 32. a3 Ra6 33. g4 Rea8 34. Kh2 Rxa3 35. Rdxa3 Rxa3 36. Rxa3 Nxa3 37. Kg3 Kf7 38. Kxf3 Ke6 39. Ke2 Nc4 40. f4 Nd6 41. Kf3 Ne4 42. h4 Nd6 43. h5 gxh5 44. gxh5 Kf5 45. Be5 Ne4 46. Bd4 Nd2+ 47. Ke2 Nc4 48. Kf3 Nd6 49. Bc5 Ne8 50. Bd4 Nc7 51. Bc3 Ne6 52. Bb2 c5 53. bxc5 Nxc5 54. Bc3 Na6 55. Bd4 b4 56. Bb2 Nc5 57. Bd4 Na4 58. Ke2 b3 59. Kd2 Ke4 60. Bg7 Nc5 61. Kc3 b2 62. Kxb2 Kxe3 63. f5 Kf4 64. f6 Ne6 65. f7 Kg5 66. f8=Q Nxf8 67. Bxf8 Kxh5 68. Kc3 Kg4 69. Kd4 h5 70. Be7 h4 71. Bxh4 Kxh4 72. Kxd5 1/2-1/2


[Site "https://www.chess.com"]

[Event "Titled Tuesday Blitz April 25 Early 2023"]
[White "Yeritsyan, Hayk"]
[Black "Girya, Olga"]
[WhiteFideId "13307320"]
[BlackFideId "4195752"]
[WhiteElo "2468"]
[BlackElo "2263"]
[Result "0-1"]
[Round "04"]
[TimeControl "180+2"]
[Date "2023.04.25"]
[WhiteClock "0:00:09"]
[BlackClock "0:00:09"]

1. Nf3 d5 2. b3 Nf6 3. Bb2 e6 4. e3 Bd6 5. Be2 O-O 6. c4 b6 7. O-O Bb7 8. Nc3 Nbd7 9. cxd5 exd5 10. Rc1 a6 11. d4 Re8 12. Bd3 Ne4 13. Ne2 f5 14. Ng3 Qf6 15. Qc2 c6 16. a4 a5 17. Qb1 Re6 18. Qa1 Rae8 19. Rc2 Qh6 20. Nxf5 Qh5 21. Nxd6 Rxd6 22. Qd1 Rh6 23. h3 Rg6 24. Ne5 Rxe5 25. dxe5 Qxh3 26. Bxe4 dxe4 27. f4 Qxe3+ 28. Rcf2 Nf8 29. Qd4 Qg3 30. Qxe4 Rh6 31. Rf3 Qh2+ 32. Kf2 Ba6 33. Rg1 Rg6 34. f5 Rg5 35. e6 Qh6 36. e7 Qd6 37. exf8=Q+ Kxf8 38. Re1 Qd2+ 39. Re2 Bxe2 40. Qxe2 Rxg2+ 41. Kxg2 Qxe2+ 42. Kg3 Qxb2 43. Kf4 Qd4+ 44. Kg5 Qf6+ 45. Kg4 h6 46. Kf4 Qg5+ 47. Ke4 Qg4+ 48. Rf4 Qxf4+ 49. Kxf4 Kf7 50. Ke5 Ke7 51. Ke4 Kf6 52. Kf4 h5 53. Ke4 Kg5 54. Ke5 h4 0-1


[Site "https://www.chess.com"]

[Event "Titled Tuesday Blitz April 25 Early 2023"]
[White "Mrudul Dehankar"]
[Black "Lewicki, Miroslaw"]
[WhiteFideId "25096990"]
[BlackFideId "1113380"]
[WhiteElo "2139"]
[BlackElo "2212"]
[Result "0-1"]
[Round "04"]
[TimeControl "180+2"]
[Date "2023.04.25"]
[WhiteClock "0:00:02"]
[BlackClock "0:00:32"]

1. e4 c5 2. Nf3 d6 3. d4 cxd4 4. Nxd4 Nf6 5. Nc3 a6 6. Bg5 Nbd7 7. f4 Qb6 8. a3 e5 9. Nb3 Be7 10. f5 Nxe4 11. Nxe4 Bxg5 12. Nxg5 Qe3+ 13. Be2 Qxg5 14. Qxd6 Qxf5 15. O-O-O Qg6 16. Bf3 Qxd6 17. Rxd6 Ke7 18. Rhd1 Nf6 19. Nc5 Rb8 20. h3 b6 21. Na4 e4 22. Be2 Nd7 23. Rc6 b5 24. Nc3 f5 25. Nd5+ Kf7 26. Nf4 Rb7 27. c4 Ne5 28. Rc5 Nxc4 29. Bxc4+ bxc4 30. Rxc4 g5 31. Nd5 Be6 32. Rc5 Rd8 33. Ne3 Rxd1+ 34. Nxd1 Kf6 35. Nc3 Rd7 36. Rc6 Ke5 37. Rxa6 e3 38. Ra5+ Kf4 39. Ne2+ Ke4 40. Ra4+ Kd3 41. Nc3 e2 0-1


[Site "https://www.chess.com"]

[Event "Titled Tuesday Blitz April 25 Early 2023"]
[White "Balla, Tamas-Kristof"]
[Black "Sviridov, Valery"]
[WhiteFideId "1208497"]
[BlackFideId "4120680"]
[WhiteElo "2334"]
[BlackElo "2457"]
[Result "0-1"]
[Round "04"]
[TimeControl "180+2"]
[Date "2023.04.25"]
[WhiteClock "0:00:05"]
[BlackClock "0:01:34"]

1. e4 Nf6 2. e5 Nd5 3. c4 Nb6 4. d4 d6 5. f4 dxe5 6. fxe5 Nc6 7. Be3 Bf5 8. Nc3 e6 9. Nf3 Qd7 10. Be2 O-O-O 11. O-O Bg4 12. c5 Nd5 13. Bf2 Nf4 14. Qa4 Nxe2+ 15. Nxe2 Bxf3 16. gxf3 Kb8 17. b4 Nxe5 18. Qb3 Ng6 19. b5 Qd5 20. Qb2 Qxf3 21. b6 Qc6 22. bxc7+ Qxc7 23. a4 Ka8 24. a5 a6 25. Rab1 e5 26. Bg3 f6 27. Nc3 Rxd4 28. Nb5 axb5 29. Qxb5 Bxc5 30. Bf2 Rg4+ 31. Kh1 Bxf2 32. Rxf2 Rc8 33. Rfb2 Qc1+ 0-1


[Site "https://www.chess.com"]

[Event "Titled Tuesday Blitz April 25 Early 2023"]
[White "ArtemDyachuk"]
[Black "Goldin, Alexander"]
[BlackFideId "2019540"]
[WhiteElo "2444"]
[BlackElo "2661"]
[Result "0-1"]
[Round "04"]
[TimeControl "180+2"]
[Date "2023.04.25"]
[WhiteClock "0:00:33"]
[BlackClock "0:01:21"]

1. Nf3 Nf6 2. c4 e6 3. g3 a6 4. Bg2 b5 5. b3 Bb7 6. Bb2 Be7 7. O-O O-O 8. d3 c5 9. e4 d6 10. Nc3 b4 11. Ne2 Nc6 12. Re1 a5 13. Nf4 Nd7 14. h4 Bf6 15. Qd2 a4 16. Nh5 Bxb2 17. Qxb2 Nde5 18. Ng5 g6 19. Nf4 Nd4 20. Rad1 axb3 21. axb3 Ra3 22. Ra1 Rxb3 23. Qd2 h6 24. Ne2 Rxd3 25. Nxd4 Rxd2 0-1


[Site "https://www.chess.com"]

[Event "Titled Tuesday Blitz April 25 Early 2023"]
[White "Silva, Pedro Gil Ferreira Da"]
[Black "Seo, Jung Min"]
[WhiteFideId "1946102"]
[BlackFideId "1734687"]
[WhiteElo "2255"]
[BlackElo "2468"]
[Result "0-1"]
[Round "04"]
[TimeControl "180+2"]
[Date "2023.04.25"]
[WhiteClock "0:00:20"]
[BlackClock "0:00:23"]

1. c4 Nf6 2. Nf3 g6 3. g3 Bg7 4. Bg2 O-O 5. O-O d6 6. d4 Nbd7 7. Nc3 e5 8. h3 Re8 9. e4 a5 10. Be3 c6 11. Qc2 exd4 12. Nxd4 Nc5 13. Rad1 Qe7 14. Rfe1 Bd7 15. f4 Nfxe4 16. Bf2 f5 17. a3 Qf7 18. Nxe4 Nxe4 19. Bxe4 fxe4 20. Rxe4 Bxh3 21. Rde1 Rxe4 22. Qxe4 Bd7 23. Nf3 Re8 24. Qd3 Rxe1+ 25. Bxe1 Bxb2 26. Qxd6 a4 27. Ng5 Qe8 28. Bf2 Bg7 29. Nf3 Be6 30. Ne5 Bf8 31. Qd3 Qe7 32. c5 Bd5 33. Bd4 Qe6 34. Qe2 Qf5 35. Kf2 g5 36. Qg4 Qxg4 37. Nxg4 gxf4 38. gxf4 Kf7 39. Ke3 Ke6 40. Nf6 h6 41. Nh5 Bg2 42. Ng3 Kd5 43. Nf5 Bxc5 44. Bxc5 Kxc5 45. Nxh6 Kc4 46. f5 Bd5 47. f6 b5 48. Nf5 Kb3 49. Ne7 Bf7 50. Nxc6 Kxa3 51. Ne5 Be6 52. f7 Bxf7 53. Nxf7 b4 54. Kd2 b3 55. Ne5 b2 56. Nc4+ Ka2 0-1


[Site "https://www.chess.com"]

[Event "Titled Tuesday Blitz April 25 Early 2023"]
[White "Gurevich, Dmitry"]
[Black "Hua, Lefong"]
[WhiteFideId "2000407"]
[BlackFideId "2602253"]
[WhiteElo "2506"]
[BlackElo "2657"]
[Result "1/2-1/2"]
[Round "04"]
[TimeControl "180+2"]
[Date "2023.04.25"]
[WhiteClock "0:00:09"]
[BlackClock "0:00:21"]

1. d4 Nf6 2. c4 c5 3. Nf3 cxd4 4. Nxd4 g6 5. Nc3 Bg7 6. e4 d6 7. Be2 O-O 8. Be3 Nc6 9. O-O Bd7 10. Qd2 Nxd4 11. Bxd4 Bc6 12. f3 a5 13. b3 Nd7 14. Bf2 Nc5 15. Rab1 Qb6 16. Rfc1 Rfc8 17. Bf1 Qd8 18. a3 Qf8 19. b4 axb4 20. axb4 Na4 21. Nd5 Bxd5 22. exd5 Qd8 23. c5 dxc5 24. bxc5 Ra5 25. Bb5 b6 26. c6 Nc5 27. Bf1 e6 28. Qb4 Qxd5 29. Qxb6 Na4 30. Qb7 Raa8 31. c7 Nc3 32. Qxd5 Nxd5 33. Rb7 Be5 34. Bg3 Bxg3 35. hxg3 Kf8 36. Bd3 Ke7 37. Be4 Kd6 38. Bxd5 exd5 39. Rb6+ Kd7 40. Rb5 Ra6 41. Rxd5+ Rd6 42. Rxd6+ Kxd6 43. g4 Rxc7 44. Rxc7 Kxc7 45. g5 Kd6 46. Kf2 Ke5 47. Kg3 Kf5 48. f4 Ke4 49. Kg4 Ke3 50. Kg3 Ke4 51. Kg4 Kd4 52. Kf3 Kd3 53. g3 Kd4 54. Ke2 Ke4 55. Kf2 Kd3 56. Kf3 Kd4 57. Kf2 Ke4 58. Ke2 Kd4 59. Kf3 Kd3 60. Kf2 Ke4 61. Ke2 Kd4 62. Kf3 Kd3 63. Kf2 Kd4 64. Kf3 1/2-1/2


[Site "https://www.chess.com"]

[Event "Titled Tuesday Blitz April 25 Early 2023"]
[White "Wieczorek, Oskar"]
[Black "Avazkhonov, Alikhon"]
[WhiteFideId "1133950"]
[BlackFideId "14208504"]
[WhiteElo "2418"]
[BlackElo "1739"]
[Result "1-0"]
[Round "04"]
[TimeControl "180+2"]
[Date "2023.04.25"]
[WhiteClock "0:00:12"]
[BlackClock "0:00:03"]

1. e4 c5 2. Nf3 d6 3. d4 cxd4 4. Nxd4 Nf6 5. Nc3 a6 6. h4 e5 7. Nb3 Be6 8. f4 exf4 9. Bxf4 Nc6 10. Qd2 d5 11. O-O-O Nxe4 12. Nxe4 dxe4 13. Qe3 Qf6 14. Qxe4 Qf5 15. Qe3 Nb4 16. Nd4 Qc5 17. a3 Nd5 18. Nxe6 Nxe3 19. Nxc5 Nxd1 20. Nd3 Nxb2 21. Kxb2 Be7 22. Be2 Bf6+ 23. Kb1 O-O 24. Bf3 Rfe8 25. g4 Re6 26. g5 Bc3 27. Ka2 Rd8 28. Bxb7 Rd4 29. Rb1 h5 30. gxh6 gxh6 31. Bf3 Rf6 32. Rb8+ Kh7 33. Be2 Rfxf4 34. Nxf4 Rxf4 35. Bxa6 Rxh4 36. Bd3+ Kg7 37. Kb3 Bf6 38. a4 Rd4 39. a5 Be5 40. Rb7 Rd5 41. a6 Ra5 42. Bc4 Kg6 43. Bxf7+ Kg5 44. Bc4 h5 45. Kb4 Ra1 46. a7 Bd4 47. Rb5+ Kf4 48. Rxh5 Rxa7 49. c3 Be5 50. Bb5 Rc7 51. c4 Bd6+ 52. Kc3 Bc5 53. Kd3 Bb6 54. Kc3 Ba5+ 55. Kb3 Bb6 56. Kb4 Bc5+ 57. Rxc5 1-0


[Site "https://www.chess.com"]